AoeStats
← 13645570128

Arena

509874360Analyzed
1v1 RM · 5d ago on Sep 28, 2026· 47m 20s· 2 players
Game mode
Random Map
Map size
Tiny (2 player)
Population
200
Speed
Normal
Resources
Standard
Victory
Conquest
Starting age
Dark Age
Ending age
Imperial Age
RankedLock teamsTeams togetherTeam positionsShared explorationLock speedFull tech treeHidden civsTurbo modeCheats
Victory
Defeat
🇭🇰 Mongols · Hong Kong SAR China
581
+20
🇦🇷 Bohemians · Argentina
515
-13
13645570128
10:26 Feudal Age
10:52 Double-Bit Axe
12:02 Gold Mining
13:30 Horse Collar
19:13 Castle Age
18:01 Stone Mining
23:25 Husbandry
23:56 Forging
25:46 Heavy Plow
28:07 Fletching
28:55 Bloodlines
30:09 Gold Shaft Mining
34:38 Imperial Age
34:03 Wheelbarrow
37:09 Hand Cart
37:56 Conscription
38:03 Bow Saw
38:32 Iron Casting
38:55 Town Watch
40:58 Blast Furnace
40:35 Elite Steppe Lancer
44:21 Chemistry
43:43 Ballistics
47:11 Drill
46:50 Elite Mangudai
Neodanz
3:24 Loom
9:56 Feudal Age
10:57 Town Watch
13:45 Wheelbarrow
13:06 Horse Collar
17:34 Fletching
17:56 Forging
22:33 Man-at-Arms
24:53 Padded Archer Armor
24:55 Scale Mail Armor
27:53 Arson
30:42 Castle Age
28:47 Double-Bit Axe
29:56 Scale Barding Armor
31:34 Town Patrol
31:02 Long Swordsman
31:44 Squires
32:05 Bow Saw
32:43 Light Cavalry
33:25 Husbandry
34:00 Heavy Plow
34:06 Crossbowman
34:08 Elite Skirmisher
35:11 Pikeman
38:09 Bodkin Arrow
38:51 Iron Casting
38:32 Chain Mail Armor
40:03 Leather Archer Armor
46:47 Imperial Age
46:07 Chemistry
Connection lost

Rejoining the realm…

Still unreachable

The connection could not be restored.

Session expired

The server has moved on; the page needs a fresh start.